AoeStats
← 哥们这瓜多少钱一斤?

Arena

505237385Analyzed
4v4 RM · 25d ago on Sep 8, 2026· 53m 51s· 8 players
Game mode
Random Map
Map size
Large (8 player)
Population
200
Speed
Normal
Resources
Standard
Victory
Conquest
Starting age
Dark Age
Ending age
Imperial Age
RankedLock teamsTeams togetherTeam positionsShared explorationLock speedFull tech treeHidden civsTurbo modeCheats
Victory
Defeat
🇻🇳 Teutons · Vietnam
1362
+16
🇨🇳 Slavs · China
1308
+18
🇨🇳 Bohemians · China
1285
+19
🇨🇳 Persians · China
1283
+18
1362
-18
🇮🇳 Turks · India
1346
-18
🇬🇧 Lithuanians · United Kingdom
1344
-18
🇹🇷 Saracens · Türkiye
1337
-17
GLX_Killer
11:18 Feudal Age
15:40 Castle Age
13:39 Double-Bit Axe
14:32 Horse Collar
16:37 Bow Saw
18:22 Wheelbarrow
17:49 Gold Mining
24:27 Stone Mining
27:47 Imperial Age
25:06 Loom
25:08 Town Watch
26:29 Fletching
27:02 Ballistics
27:09 Bodkin Arrow
27:17 Padded Archer Armor
27:49 Crossbowman
28:36 Bracer
29:45 Chemistry
29:03 Arbalester
31:16 Parthian Tactics
31:01 Thumb Ring
31:43 Gold Shaft Mining
31:27 Heavy Plow
32:37 Hand Cart
34:34 Conscription
34:46 Scale Barding Armor
34:52 Forging
35:50 Chain Barding Armor
36:10 Bloodlines
36:05 Husbandry
35:30 Light Cavalry
38:12 Plate Barding Armor
37:40 Heavy Camel Rider
39:17 Iron Casting
38:28 Elite Skirmisher
42:03 Blast Furnace
41:41 Hussar
43:24 Hoardings
44:18 Masonry
44:05 Murder Holes
48:20 Two-Man Saw
ryocallan
10:32 Feudal Age
14:01 Castle Age
13:33 Double-Bit Axe
18:22 Bow Saw
21:50 Horse Collar
23:00 Wheelbarrow
22:12 Loom
25:59 Stone Mining
28:53 Imperial Age
26:16 Gold Mining
27:34 Stone Shaft Mining
27:10 Scale Barding Armor
28:50 Chain Barding Armor
28:26 Treadmill Crane
29:09 Forging
29:11 Bloodlines
29:02 Husbandry
29:22 Masonry
29:48 Heavy Plow
29:11 Elite Leitis
30:12 Conscription
30:47 Hand Cart
31:46 Plate Barding Armor
35:51 Iron Casting
39:27 Fletching
42:23 Bodkin Arrow
45:06 Elite Skirmisher
47:01 Bracer
47:02 Padded Archer Armor
49:54 Thumb Ring
50:05 Leather Archer Armor
51:06 Ballistics
51:47 Chemistry
Broken Angel
11:41 Feudal Age
13:10 Double-Bit Axe
15:54 Castle Age
21:00 Imperial Age
18:30 Horse Collar
19:23 Bow Saw
19:29 Gold Mining
20:32 Loom
24:04 Padded Archer Armor
29:49 Two-Man Saw
32:59 Heavy Plow
34:19 Leather Archer Armor
35:31 Conscription
36:32 Ballistics
36:58 Fletching
37:38 Ring Archer Armor
38:29 Wheelbarrow
44:13 Hand Cart
43:44 Town Watch
46:06 Fortified Wall
48:07 Bombard Tower
47:31 Treadmill Crane
47:56 Murder Holes
48:57 Masonry
哥们这瓜多少钱一斤?
8:13 Loom
10:44 Feudal Age
14:21 Castle Age
14:00 Double-Bit Axe
24:56 Fletching
31:33 Wheelbarrow
32:49 Gold Mining
35:44 Imperial Age
37:59 Bodkin Arrow
39:23 Padded Archer Armor
41:10 Leather Archer Armor
42:11 Bracer
43:10 Bow Saw
43:55 Hand Cart
44:01 Conscription
43:28 Town Watch
44:06 Thumb Ring
44:35 Ring Archer Armor
46:12 Ballistics
45:26 Elite Skirmisher
46:18 Crossbowman
46:49 Treadmill Crane
49:06 Chemistry
48:31 Scale Barding Armor
49:25 Forging
50:43 Bombard Tower
51:38 Two-Man Saw
_LY_purplered
5:03 Loom
9:38 Feudal Age
10:04 Double-Bit Axe
10:00 Horse Collar
13:01 Wheelbarrow
16:34 Castle Age
17:39 Bow Saw
17:30 Heavy Plow
21:52 Hand Cart
21:22 Town Watch
22:28 Scale Barding Armor
23:59 Forging
24:13 Chain Barding Armor
24:00 Gold Mining
24:36 Husbandry
27:22 Stone Mining
28:12 Bloodlines
32:04 Imperial Age
30:47 Forging
32:28 Cavalier
34:10 Plate Barding Armor
34:11 Iron Casting
34:24 Conscription
36:25 Elite Boyar
38:11 Light Cavalry
39:22 Detinets
41:33 Squires
40:53 Pikeman
41:35 Scale Mail Armor
42:36 Blast Furnace
42:20 Halberdier
43:45 Scale Mail Armor
43:48 Druzhina
44:43 Coinage
45:23 Banking
47:31 Caravan
51:37 Chain Mail Armor
shogun
5:58 Loom
8:51 Feudal Age
10:28 Fletching
17:38 Double-Bit Axe
18:11 Horse Collar
19:49 Wheelbarrow
24:59 Castle Age
23:46 Stone Mining
23:49 Gold Mining
25:40 Forging
25:39 Bodkin Arrow
26:26 Bow Saw
26:34 Scale Barding Armor
29:15 Heavy Plow
30:11 Stone Shaft Mining
31:24 Hand Cart
32:27 Iron Casting
32:49 Scale Mail Armor
32:11 Pikeman
32:51 Squires
32:37 Gambesons
34:41 Chain Mail Armor
35:01 Iron Casting
38:45 Imperial Age
38:09 Chain Barding Armor
38:52 Halberdier
40:05 Plate Mail Armor
42:06 Blast Furnace
42:24 Bloodlines
41:38 Cavalier
43:01 Bloodlines
44:08 Two-Man Saw
45:55 Crop Rotation
46:24 Plate Barding Armor
48:02 Paladin
事后诸葛亮
0:26 Loom
11:32 Feudal Age
15:49 Castle Age
14:51 Double-Bit Axe
16:06 Horse Collar
23:57 Chemistry
30:53 Wheelbarrow
36:03 Imperial Age
35:36 Ballistics
35:41 Hand Cart
38:16 Conscription
46:29 Wagenburg Tactics
48:19 Pikeman
49:00 Squires
48:45 Arson
49:03 Scale Mail Armor
49:14 Forging
50:18 Chain Mail Armor
50:53 Halberdier
53:55 Plate Mail Armor
54:02 Iron Casting
Vic
7:26 Loom
9:41 Feudal Age
14:59 Castle Age
13:17 Horse Collar
14:02 Double-Bit Axe
21:20 Wheelbarrow
30:00 Imperial Age
28:14 Scale Barding Armor
28:19 Forging
27:56 Town Watch
28:27 Gold Mining
28:28 Stone Mining
28:57 Hand Cart
28:50 Husbandry
29:00 Bloodlines
30:11 Gold Shaft Mining
30:00 Bow Saw
30:40 Conscription
31:10 Chain Barding Armor
30:57 Cavalier
31:47 Heavy Camel Rider
33:58 Plate Barding Armor
34:00 Iron Casting
36:38 Ballistics
36:44 Pikeman
37:24 Squires
39:39 Blast Furnace
38:01 Halberdier
40:02 Scale Mail Armor
41:56 Kamandaran
41:18 Crossbowman
42:20 Thumb Ring
42:32 Heavy Plow
42:49 Chain Mail Armor
42:36 Padded Archer Armor
44:20 Plate Mail Armor
45:38 Two-Man Saw
46:34 Light Cavalry
48:47 Chemistry
48:49 Citadels
49:03 Murder Holes
49:27 Leather Archer Armor
49:02 Fletching
49:53 Arson
52:18 Hoardings
52:53 Crop Rotation
52:30 Bodkin Arrow
53:06 Ring Archer Armor
Connection lost

Rejoining the realm…

Still unreachable

The connection could not be restored.

Session expired

The server has moved on; the page needs a fresh start.